 Dungeon Crawl Stone Soup version 0.29.1-2-gbd0b4ee654 (webtiles) character file.

Game seed: 15742197611801086640

81 qeuew the Ducker (level 4, -6/34 HPs)
             Began as a Merfolk Gladiator on Nov 11, 2022.
             Was a Follower of Uskayaw.
             Killed by nerve-wracking pain
             ... invoked by Grinder
              (7 damage)
             ... on level 3 of the Dungeon.
             The game lasted 00:02:38 (1825 turns).

qeuew the Ducker (Merfolk Gladiator)                Turns: 1825, Time: 00:02:38

Health: -6/34      AC:  5    Str: 16    XL:     4   Next: 40%
Magic:  4/4        EV: 17    Int:  7    God:    Uskayaw [*.....]
Gold:   60         SH:  0    Dex: 15    Spells: 3/3 levels left

rFire   . . .      SeeInvis .   a - +0 trident
rCold   . . .      Faith    .   (no shield)
rNeg    . . .      Spirit   .   b - +0 leather armour
rPois   .          Reflect  .   c - +1 helmet
rElec   .          Harm     .   (no cloak)
rCorr   .          Rampage  .   (no gloves)
Will    .....                   (boots currently unavailable)
Stlth   ++........              (no amulet)
HPRegen 0.11/turn               (no ring)
MPRegen 0.09/turn               (no ring)

@: very quick
A: nimble swimmer 2, mertail
a: Renounce Religion, Stomp


You were on level 3 of the Dungeon.
You worshipped Uskayaw.
Uskayaw was noncommittal.
You visited 1 branch of the dungeon, and saw 3 of its levels.

You collected 60 gold pieces.

Inventory:

Hand Weapons
 a - a +0 trident (weapon)
Missiles
 d - 3 throwing nets (quivered)
 e - a javelin
Armour
 b - a +0 leather armour (worn)
 c - a +1 helmet (worn)
Potions
 f - a potion of flight
 h - 2 potions of brilliance
 i - a potion of might
 l - a potion of heal wounds


   Skills:
 + Level 2.7 Fighting
 + Level 4.5 Polearms
 + Level 2.5 Throwing
 + Level 0.8 Armour
 * Level 5.1 Dodging


You had 3 spell levels left.
You didn't know any spells.
Your spell library contained the following spells:

 Spells                   Type           Power      Damage    Failure   Level
 Apportation              Tloc           0%         N/A       50%         1
 Necrotise                Necr           0%         1d4       50%         1
 Summon Small Mammal      Summ           0%         N/A       50%         1
 Summon Lightning Spire   Summ/Air       0%         N/A       99%         4
 Storm Form               Tmut/Air       0%         N/A       100%        7
 Maxwell's Capacitive Co  Air            0%         ∞         100%        8


Dungeon Overview and Level Annotations

Branches:
Dungeon (3/15)

Altars:
Uskayaw

Annotations:
D:3 Grinder


Innate Abilities, Weirdness & Mutations

You are very nimble when in or above water. (Stealth+, EV+, Speed+++)
Your lower body shifts to a powerful aquatic tail in water.


Message History

You open the door.
Grinder comes into view.
Grinder shouts!
Grinder gestures at you. You resist with significant effort.
There is an open door here.
Grinder is nearby!
You reach to attack!
You hit Grinder but do no damage. Grinder gestures at you.
You barely resist.
You reach to attack!
You hit Grinder but do no damage. You barely miss Grinder. Grinder hits you!
You writhe in agony.
You barely miss Grinder. Grinder hits you.
You writhe in agony.
You are too injured to fight recklessly!
You are too injured to fight recklessly!
You are too injured to fight recklessly!
You are too injured to fight recklessly!
You are too injured to fight recklessly!
You are too injured to fight recklessly!
You are too injured to fight recklessly!
You are too injured to fight recklessly!
You are too injured to fight recklessly!
You are too injured to fight recklessly!
You are too injured to fight recklessly!
You are too injured to fight recklessly!
Grinder attacks as you move away! Grinder closely misses you.
Your legs become a tail as you enter the water.
You closely miss Grinder. Grinder hits you.
* * * LOW HITPOINT WARNING * * *
You writhe in agony.
* * * LOW HITPOINT WARNING * * *
You hit Grinder.
You tail-slap Grinder, but do no damage.
Grinder is lightly wounded.
Grinder misses you.
You puncture Grinder! You tail-slap Grinder.
Grinder is moderately wounded.
Grinder gestures at you. Pain shoots through your body!
You die...

#######.####..
#.<......)...#
#.#####.###..<
### #..####.#
#..# #..
#####....##.#
#^.#
#..##~~♣##'####.#
#..#
#..'~♣♣#♣~~♣# #.#
#..#
#..#5♣#♣~♣♣~###.#
#.>#
#.##♣@♣~♣#♣†##..#
#... #.
#♣~~~♣#♣##.##
#.## #
#♣~♣~♣###.#
♣~♣#♣~#.#.# ~~♣
♣~'...# #+#
♣~~##†#.# ###
#.#.# ###.# #.#


You could see Grinder.

Vanquished Creatures
  3 adders
  A dart slug (D:2)
  3 endoplasms
  3 giant cockroaches
  4 goblins
  5 hobgoblins
  4 jackals (D:1)
  4 kobolds
  A quokka (D:1)
  6 ball pythons
  6 bats
  4 frilled lizards
  6 rats
50 creatures vanquished.

Notes
Turn   | Place    | Note
-------+----------+-------------------------------------------
     0 | D:1      | qeuew the Merfolk Gladiator began the quest for the Orb.
     0 | D:1      | Reached XP level 1. HP: 16/16 MP: 1/1
   102 | D:1      | Reached XP level 2. HP: 22/22 MP: 2/2
   539 | D:1      | Reached XP level 3. HP: 6/28 MP: 3/3
   847 | D:1      | Found a faded altar of an unknown god.
   892 | D:1      | Prayed at the altar of an unknown god.
   892 | D:1      | Became a worshipper of Uskayaw the Reveller
   892 | D:1      | Reached * piety under Uskayaw
  1565 | D:2      | Reached ** piety under Uskayaw
  1706 | D:2      | Reached skill level 5 in Dodging
  1733 | D:3      | Reached XP level 4. HP: 32/34 MP: 4/4
  1815 | D:3      | Noticed Grinder
  1823 | D:3      | HP: 1/34 [Grinder (6)]
  1825 | D:3      | Killed from afar by Grinder

Illustrated notes

Levels and vault maps discovered:
D:1:      enne_arrival_octagon_isle, layout_rooms,
          shapermc_ecumenical_altar_petra, kennysheep_minor_cross
D:2:      layout_rooms, moated_statue
D:3:      layout_loops_ring, mainiacjoe_overflow_six_doors_small, serial_shops,
          nicolae_lakefront_shop, hellmonk_ghost_happy_afterlife,
          gup_sewer_entry_bowl, saegor_snake_ambush, uniq_grinder

Skill      XL: |  1  2  3 |
---------------+----------+-----
Dodging        | 5 |  5.1
Fighting       | |  2.7
Polearms       | |  4.5
Throwing       | |  2.5
Armour         | |  0.8

Action                   |  1- 3 |  4- 6 || total
-------------------------+-------+-------++-------
Melee: Trident           |   140 |    19 ||   159
       Tailslap          |       |     2 ||     2
       Punch             |       |     1 ||     1
  Use: Scroll            |     6 |       ||     6
       Potion            |     3 |       ||     3
 Stab: Sleeping          |     1 |     3 ||     4
Armor: Leather armour    |    31 |     3 ||    34
Dodge: Dodged            |   106 |     9 ||   115
